 Dungeon Crawl Stone Soup version bcrawl-1.13.1 (webtiles) character file.

Game seed: 9650406843421926608

1043 Chiseanne the Cutter (level 8, 0/58 HPs)
             Began as a Demonspawn Archaeologist on Aug 2, 2019.
             Slain by a hound (1 damage)
             ... on level 5 of the Dungeon.
             The game lasted 00:11:15 (4202 turns).

Chiseanne the Cutter (Demonspawn Archaeologist)     Turns: 4202, Time: 00:11:16

Health: 0/58       AC: 15    Str: 11    XL:     8   Next: 4%
Magic:  8/8        EV:  9    Int: 15    God:
Gold:   330        SH: 14    Dex: 15    Spells: 7/7 levels left

rFire    . . .     SeeInvis .   a - +16 sapphire dagger {flash freeze, rF- rC++ MR+}
rCold    + + .     Gourm    .   e - +0 shield
rNeg     . . .     Faith    .   v - +7 ring mail "Porchisip" {MR+}
rPois    .         Spirit   .   c - +1 hat
rElec    .         Reflect  .   (no cloak)
rCorr    .         Harm     .   (no gloves)
MR       ++...                  d - +1 pair of boots
Stlth    ++........             t - amulet of magic regeneration
HPRegen  0.19/turn              (no ring)
MPRegen  0.36/turn              (no ring)

@: no status effects
A: horns 2, large bone plates 2, fire resistance 1
a: no special abilities


You were on level 5 of the Dungeon.
You were not hungry.

You visited 2 branches of the dungeon, and saw 6 of its levels.

You collected 330 gold pieces.

Inventory:

Hand Weapons
 a - the +16 sapphire dagger (weapon) {flash freeze, rF- rC++ MR+}

   It has been specially enchanted to freeze those struck by it, causing extra
   injury to most foes and up to half again as much damage against particularly
   susceptible opponents.
   It can also slow down cold-blooded creatures.
   It makes you vulnerable to fire.
   It greatly protects you from cold.
   It affects your resistance to hostile enchantments.
 w - the cursed +0 dagger of the Manifold Souls {freeze, *Noise +Fly Str+4, unknown}
   (You found it on level 4 of the Dungeon)

   It has been specially enchanted to freeze those struck by it, causing extra
   injury to most foes and up to half again as much damage against particularly
   susceptible opponents.
   It can also slow down cold-blooded creatures.
   It affects your strength (+4).
   It lets you fly.
   It may make noises in combat.
   It has a curse placed upon it.
Missiles
 b - 37 tomahawks
 f - 118 poisoned needles
 i - 508 stones (quivered)
 m - 323 bolts
 o - 536 arrows
Armour
 c - a +1 hat (worn)
 d - a +1 pair of boots (worn)
 e - a +0 shield (worn)
 v - the +7 ring mail "Porchisip" (worn) {MR+}
   (You took it off an orc on level 4 of the Dungeon)

   It affects your resistance to hostile enchantments.
Jewellery
 t - an amulet of magic regeneration (around neck)
Scrolls
 j - 2 scrolls of remove curse
 k - 5 scrolls of teleportation
Potions
 h - a potion of haste
 l - a potion of brilliance
 n - 2 potions of resistance {unknown}
 p - 3 potions of flight
 q - 4 potions of curing
 r - 2 potions of mutation
 u - 2 potions of lignification {unknown}
Comestibles
 g - 11 rations {!d}


   Skills:
 - Level 3.2 Fighting
 * Level 7.5 Short Blades
   Level 0.8 Maces & Flails
 + Level 3.7 Dodging
 + Level 4.0 Stealth
 * Level 3.4 Shields


You had 7 spell levels left.
You didn't know any spells.
Your spell library contained the following spells:

 Spells                   Type           Power        Failure   Level  Hunger
 Flame Tongue             Conj/Fire      #....        96%         1    ##.....
 Magic Dart               Conj           #...         96%         1    ##.....
 Searing Ray              Conj           #.....       99%         2    ###....
 Conjure Flame            Conj/Fire      #.......     100%        3    ####...
 Inner Flame              Hex/Fire       N/A          100%        3    ####...
 Iskenderun's Mystic Bla  Conj           #.......     100%        3    ####...
 Fulminant Prism          Conj/Hex       #.........   100%        4    #####..
 Sticky Flame             Conj/Fire      #.......     100%        4    #####..
 Fireball                 Conj/Fire      #.........   100%        5    ######.
 Irradiate                Conj/Tmut      #.........   100%        5    ######.


Dungeon Overview and Level Annotations

Branches:
Dungeon (5/12)             Temple (1/1) D:4

Altars:
Ashenzari
Cheibriados
Dithmenos
Elyvilon
Fedhas
Hepliaklqana
Kikubaaqudgha
Nemelex Xobeh
Qazlal
Sif Muna
Trog
Vehumet
Wu Jian
Xom
Yredelemnul
Zin
The Shining One

Shops:
D:5 (

Annotations:
D:5 1 transporter


Innate Abilities, Weirdness & Mutations

You have a pair of horns on your head.
You are mostly covered in large bone plates. (SH +6)
Your flesh is heat resistant. (rF+)


Message History

No target in view!
No target in view!
No target in view!
No target in view!
No target in view!
No target in view!
You see here a jackal corpse.
g - 11 rations {!d} (gained 1)
A hound comes into view.
The hound barks!
Found 44 gold pieces, a ration and a dark potion.
Really walk into a travel-excluded area?
Found 26 gold pieces and a ration.
You are engulfed in blazing flames.
Found a longbow.
You are engulfed in blazing flames.
You are engulfed in blazing flames.
* * * LOW HITPOINT WARNING * * *
The hound bites you.
You die...

########## #........##
#.#####...# #.# #☼§§#
##########.# #○§§#
...........# #@○☼#
.........#### #.h.#
............○. .$%..§§
.........#...§○..$!.○§○.
.........##.°○§.$%..§☼§.
.........# #####..)#####
#######.## #§☼§#
..##.#### #§§○# ......#


You could see a hound.

Vanquished Creatures
  A sky beast (D:2)
  2 ogres
  A scorpion (D:4)
  A vampire bat (D:4)
  2 howler monkeys (D:5)
  2 bullfrog skeletons (D:4)
  3 orc priests
  A hound (D:4)
  2 orc wizards
  An iguana (D:4)
  2 worker ants
  4 gnolls (D:3)
  7 adders
  A shadow imp (D:5)
  2 worms (D:3)
  5 dart slugs
  3 fire bats (D:4)
  2 leopard geckos
  14 orcs
  2 spectral bats (D:4)
  13 bats
  3 bat skeletons (D:4)
  A bat zombie (D:4)
  2 giant cockroaches
  3 goblins
  10 hobgoblins
  8 jackals
  10 kobolds
  3 quokkas
  2 ball pythons (D:1)
  A bat simulacrum (D:4)
  7 frilled lizards
  A jackal skeleton (D:4)
  7 rats
129 creatures vanquished.

Vanquished Creatures (others)
  A quokka (D:5)
  A plant (D:1)
2 creatures vanquished.

Grand Total: 131 creatures vanquished

Notes
Turn   | Place    | Note
-------+----------+-------------------------------------------
     0 | D:1      | Chiseanne the Demonspawn Archaeologist began the quest for
                  | the Orb.
     0 | D:1      | Reached XP level 1. HP: 15/15 MP: 1/1
   386 | D:1      | Gained mutation: You are partially covered in large bone
                  | plates. (SH +4) [demonic ancestry]
   386 | D:1      | Reached XP level 2. HP: 22/22 MP: 2/2
  1349 | D:2      | Gained mutation: You have a pair of small horns on your
                  | head. [demonic ancestry]
  1349 | D:2      | Reached XP level 3. HP: 27/29 MP: 3/3
  1476 | D:2      | Noticed an ogre
  1493 | D:2      | Killed an ogre
  1493 | D:2      | Reached skill level 4 in Short Blades
  1493 | D:2      | Gained mutation: You have a pair of horns on your head.
                  | [demonic ancestry]
  1493 | D:2      | Reached XP level 4. HP: 35/35 MP: 4/4
  1587 | D:2      | Reached XP level 5. HP: 38/41 MP: 5/5
  2017 | D:3      | Reached skill level 5 in Short Blades
  2091 | D:3      | Noticed a sky beast
  2131 | D:2      | Killed a sky beast
  2131 | D:2      | Reached skill level 6 in Short Blades
  2131 | D:2      | Gained mutation: You are mostly covered in large bone
                  | plates. (SH +6) [demonic ancestry]
  2131 | D:2      | Reached XP level 6. HP: 22/47 MP: 6/6
  2433 | D:3      | Found a shadowy altar of Dithmenos.
  2537 | D:3      | Found a white marble altar of Elyvilon.
  2537 | D:3      | Found a hazy altar of Hepliaklqana.
  2663 | D:3      | Reached skill level 1 in Shields
  2905 | D:4      | Found a staircase to the Ecumenical Temple.
  2920 | Temple   | Entered the Ecumenical Temple
  3279 | D:4      | Found a stormy altar of Qazlal.
  3295 | D:4      | Reached skill level 7 in Short Blades
  3295 | D:4      | Gained mutation: Your flesh is heat resistant. (rF+)
                  | [demonic ancestry]
  3295 | D:4      | Reached XP level 7. HP: 51/52 MP: 7/7
  3488 | D:4      | Identified the +7 ring mail "Porchisip" {MR+}
  3620 | D:4      | Got a crystal dagger
  3634 | D:4      | Found a snail-covered altar of Cheibriados.
  3861 | D:5      | Entered Level 5 of the Dungeon
  3861 | D:5      | Found a transporter.
  4116 | D:5      | Found Ethahi Ycer's Antique Weapon Shop.
  4157 | D:5      | Reached XP level 8. HP: 54/58 MP: 8/8
  4202 | D:5      | HP: 1/58 [something (21)]
  4202 | D:5      | Slain by a hound

Skill      XL: |  1  2  3  4  5  6  7 |
---------------+----------------------+-----
Fighting       | 2 3 |  3.2
Short Blades   | 4 6 7 |  7.5
Shields        | 2 3 |  3.4
Dodging        | 3 |  3.7
Stealth        | 4 |  4.0
Maces & Flails | |  0.8

Action                   |  1- 3 |  4- 6 |  7- 9 || total
-------------------------+-------+-------+-------++-------
Melee: Whip              |    21 |       |       ||    21
       Spear             |   105 |       |       ||   105
       Short sword       |    14 |   137 |       ||   151
       Headbutt          |     3 |    21 |     3 ||    27
       Dagger            |       |    44 |    87 ||   131
Throw: Stone             |       |     1 |       ||     1
  Use: Potion            |     1 |     1 |       ||     2
       Scroll            |       |    12 |     1 ||    13
 Stab: Sleeping          |     7 |     3 |     6 ||    16
  Eat: Chunk             |     2 |     6 |     3 ||    11
Armor: Robe              |    22 |       |       ||    22
       Ring mail         |     1 |    41 |     4 ||    46
       Leather armour    |       |     1 |    14 ||    15
Dodge: Dodged            |    60 |    52 |    28 ||   140
Block: Other             |    17 |    24 |       ||    41
       Shield            |       |    13 |    55 ||    68
